 Dungeon Crawl Stone Soup version 0.27-a0-1202-ge72e49191c (webtiles) character file.

Game seed: 17001199268785482730

322 soylentgreeen202 the Conjurer (level 6, -3/41 HPs)
             Began as a Demonspawn Hedge Wizard on June 4, 2021.
             Slain by Grinder (6 damage)
             ... on level 3 of the Dungeon.
             The game lasted 00:28:50 (4913 turns).

soylentgreeen202 the Conjurer (DsWz)                Turns: 4913, Time: 00:28:51

Health: -3/41      AC:  5    Str: 10    XL:     6   Next: 22%
Magic:  2/10       EV: 12    Int: 17    God:
Gold:   245        SH:  0    Dex: 13    Spells: 3/11 levels left

rFire    . . .     SeeInvis .   a - +0 dagger
rCold    . . .     Faith    .   (no shield)
rNeg     . . .     Spirit   .   b - +0 robe
rPois    .         Reflect  .   c - +0 hat
rElec    .         Harm     .   (no cloak)
rCorr    .         Rampage  .   (no gloves)
Will     .....                  (no boots)
Stlth    ++........             (no amulet)
HPRegen  0.13/turn              d - ring of wizardry
MPRegen  0.24/turn              (no ring)

@: no status effects
A: yellow scales 2, magic regeneration
a: no special abilities


You were on level 3 of the Dungeon.
You visited 1 branch of the dungeon, and saw 5 of its levels.

You collected 245 gold pieces.

Inventory:

Hand Weapons
 a - a +0 dagger (weapon)
 g - a +0 whip
 v - a +0 rapier
Missiles
 h - 15 poisoned darts
 l - a throwing net
Armour
 b - a +0 robe (worn)
 c - a +0 hat (worn)
 w - a +0 leather armour
Jewellery
 d - a ring of wizardry (left hand)
Scrolls
 e - 2 scrolls of blinking {unknown}
 f - 4 scrolls of identify
 i - a scroll of enchant armour {unknown}
 m - a scroll of fog {unknown}
 q - a scroll of amnesia {unknown}
 r - 3 scrolls of teleportation {unknown}
 s - a scroll of noise {unknown}
Potions
 j - a potion of cancellation {unknown}
 k - 2 potions of mutation
 o - a potion of invisibility {unknown}
 p - 2 potions of brilliance {unknown}
 t - 2 potions of attraction {unknown}
 u - a potion of resistance {unknown}


   Skills:
 - Level 2.0 Dodging
 - Level 2.0 Stealth
 - Level 3.0 Spellcasting
 - Level 5.0 Conjurations
 - Level 1.0 Summonings
 - Level 2.0 Translocations
 + Level 1.6 Air Magic
 + Level 1.7 Poison Magic


You had 3 spell levels left.
You knew the following spells:

 Your Spells              Type           Power      Damage    Failure   Level
a - Magic Dart            Conj           76%        1d6       1%          1
b - Searing Ray           Conj           38%        3d4       1%          2
c - Mephitic Cloud        Conj/Pois/Air  12%        N/A       7%          3
d - Blink                 Tloc           N/A        N/A       4%          2

Your spell library contained the following spells:

 Spells                   Type           Power      Damage    Failure   Level
 Call Imp                 Summ           5%         N/A       7%          2
 Conjure Flame            Conj/Fire      11%        6-21      8%          3
 Dazzling Flash           Conj/Hex       22%        N/A       8%          3
 Slow                     Hex            2%         N/A       11%         2
 Iskenderun's Mystic Bla  Conj/Tloc      14%        2d5       16%         4
 Fulminant Prism          Conj/Hex       5%         3d7       24%         4


Dungeon Overview and Level Annotations

Branches:
Dungeon (5/15)
 Temple: D:4-7

Altars:
Elyvilon
Okawaru
Uskayaw

Annotations:
D:2 Sigmund
D:3 Grinder


Innate Abilities, Weirdness & Mutations

You are mostly covered in yellow scales. (AC +3)
You regenerate magic rapidly.


Message History

Aiming: Magic Dart (safe; 1% risk of failure)
Press: ? - help, Shift-Dir - straight line, f/p - Grinder
Aim: Grinder (moderately wounded, 100% to hit)
The magic dart hits Grinder.
Grinder is moderately wounded.
As you read the scroll labelled VUSEID VEHAY, it crumbles to dust.
It is a scroll of identify.
k - 2 potions of mutation Grinder gestures at you.
Pain shoots through your body!
You feel better.
Casting: Magic Dart (safe; 1% risk of failure)
Confirm with . or Enter, or press ? or * to list all spells.
Aiming: Magic Dart (safe; 1% risk of failure)
Press: ? - help, Shift-Dir - straight line, f/p - Grinder
Aim: Grinder (moderately wounded, 100% to hit)
The magic dart hits Grinder.
Grinder is heavily wounded.
Grinder gestures at you. Pain shoots through your body!
You feel better.
Grinder rolls her eyes.
You barely miss Grinder.
Grinder is moderately wounded.
Grinder gestures at you.
You suddenly lose the ability to move!
Grinder hits you. Grinder gestures at you. Pain shoots through your body!
Grinder hits you but does no damage. Grinder hits you! Grinder hits you.
* * * LOW HITPOINT WARNING * * *
You writhe in agony.
* * * LOW HITPOINT WARNING * * *
You can move again.
You feel better. Grinder hits you!
* * * LOW HITPOINT WARNING * * *
You writhe in agony.
You die...

#.#..............#....#
#.####.........#.#....#
#.#...................###
#..#...........##.......##
##.............<......#..#
..##...........##.....##.#
...#.#................##.#
......#.###.#............#
......#.###.#...@5....#..##
.........##...............##
..................####.....#
.....#......#.....##...#.#.##
.....................###.#.<##
...#......#.^##.#.#### #.##..#
..##........(.#...# ##.###.##
..............#...##
##..###..#
(.........##..#.#..#
#.<##_##.##


You could see Grinder.

Vanquished Creatures
  Eustachio (D:5)
  A hound (D:3)
  A hound skeleton (D:4)
  5 adders
  An ufetubus (D:4)
  A dart slug (D:4)
  7 orcs
  3 endoplasms
  3 giant cockroaches
  10 goblins
  4 hobgoblins
  5 jackals
  5 kobolds
  3 quokkas
  12 ball pythons
  5 bats
  6 frilled lizards
  3 rats
76 creatures vanquished.

Notes
Turn   | Place    | Note
-------+----------+-------------------------------------------
     0 | D:1      | soylentgreeen202 the Demonspawn Hedge Wizard began the
                  | quest for the Orb.
     0 | D:1      | Reached XP level 1. HP: 13/13 MP: 4/4
   592 | D:1      | Gained mutation: You regenerate magic rapidly. [demonic
                  | ancestry]
   592 | D:1      | Reached XP level 2. HP: 19/19 MP: 0/6
   719 | D:1      | Found a faded altar of an unknown god.
   809 | D:1      | Learned a level 2 spell: Searing Ray
   904 | D:1      | Reached skill level 2 in Conjurations
  1258 | D:2      | Noticed Sigmund
  1651 | D:2      | Reached XP level 3. HP: 24/24 MP: 0/7
  2024 | D:2      | Reached skill level 3 in Conjurations
  2772 | D:2      | Learned a level 3 spell: Mephitic Cloud
  2935 | D:3      | Found a faded altar of an unknown god.
  2935 | D:3      | Found a faded altar of an unknown god.
  2941 | D:3      | Found a hide-covered altar of Uskayaw.
  2944 | D:3      | Found an iron altar of Okawaru.
  3180 | D:3      | Gained mutation: You are partially covered in yellow
                  | scales. (AC +2) [demonic ancestry]
  3180 | D:3      | Reached XP level 4. HP: 30/30 MP: 4/8
  3384 | D:3      | Reached skill level 1 in Poison Magic
  3436 | D:3      | Noticed Grinder
  3456 | D:3      | Reached skill level 1 in Air Magic
  3515 | D:3      | Reached skill level 4 in Conjurations
  3835 | D:4      | Gained mutation: You are mostly covered in yellow scales.
                  | (AC +3) [demonic ancestry]
  3835 | D:4      | Reached XP level 5. HP: 35/35 MP: 5/9
  3853 | D:4      | Learned a level 2 spell: Blink
  4119 | D:4      | Reached skill level 1 in Translocations
  4564 | D:5      | Entered Level 5 of the Dungeon
  4589 | D:5      | Noticed Eustachio
  4597 | D:5      | Killed Eustachio
  4598 | D:5      | Reached skill level 5 in Conjurations
  4598 | D:5      | Reached XP level 6. HP: 14/41 MP: 1/10
  4890 | D:3      | Paralysed by Grinder for 6 turns
  4907 | D:3      | Paralysed by Grinder for 6 turns
  4913 | D:3      | Slain by Grinder

Illustrated notes

Levels and vault maps discovered:
D:1:      dpeg_arrival_long_road, layout_basic, serial_forest,
          infiniplex_forest_straight_2, infiniplex_forest_straight_4,
          infiniplex_forest_straight_2, infiniplex_forest_clump_curved,
          infiniplex_forest_join, infiniplex_forest_clump_curved,
          infiniplex_forest_lined_3, shapermc_ecumenical_altar_hornbeckon
D:2:      layout_basic, uniq_sigmund
D:3:      layout_rooms, chequers_temple_overflow_minitemple, uniq_grinder
D:4:      layout_loops_ring, bh_walls_and_bars
D:5:      layout_basic, serial_curves, eino_curves_04, eino_curves_04,
          eino_curves_01, uniq_eustachio

Skill      XL: |  1  2  3  4  5 |
---------------+----------------+-----
Dodging        | 2 |  2.0
Stealth        | 2 |  2.0
Conjurations   | 2 3 4 5 |  5.0
Poison Magic   | 1 |  1.7
Air Magic      | 1 |  1.6
Translocations | 2 |  2.0
Spellcasting   | |  3.0
Summonings     | |  1.0

Action                   |  1- 3 |  4- 6 || total
-------------------------+-------+-------++-------
Melee: Dagger            |    16 |    10 ||    26
 Cast: Magic Dart        |   100 |    68 ||   168
       Searing Ray       |     2 |     8 ||    10
  Use: Potion            |     2 |     3 ||     5
       Scroll            |       |     1 ||     1
 Stab: Sleeping          |     2 |     3 ||     5
Armor: Robe              |     2 |    16 ||    18
Dodge: Dodged            |    22 |    18 ||    40

Table legend: (Time is in decaauts)
 A = Elapsed time spent in this place.
 B = Non-inter-level travel time spent in this place.
 C = Inter-level travel time spent in this place.
 D = Time resting spent in this place.
 E = Time spent auto-exploring this place.
 F = Levels seen in this place.
 G = Mean time per level.
                   A        B        C        D        E       F      G
               +--------+--------+--------+--------+--------+-----+--------+
         Total |   4921 |   4584 |    337 |   1226 |   1697 |   5 |  984.2 |
       Dungeon |   4921 |   4584 |    337 |   1226 |   1697 |   5 |  984.2 |
               +--------+--------+--------+--------+--------+-----+--------+

Top non-repeatable levels by time:
     D:2: 1600 daAuts
     D:1: 1255 daAuts
     D:4: 914 daAuts
     D:3: 895 daAuts
     D:5: 255 daAuts
